 Dungeon Crawl Stone Soup version 0.18.1-48-g4cf74bf (webtiles) character file.

812 kobby the Slasher (level 7, 0/43 HPs)
             Began as a Tengu Gladiator on July 7, 2016.
             Succumbed to an orc wizard's poison
             ... on level 5 of the Dungeon.
             The game lasted 00:10:51 (4227 turns).

kobby the Slasher (Tengu Gladiator)                 Turns: 4227, Time: 00:10:52

Health: 0/43       AC: 16    Str: 15      XL:     7   Next: 93%
Magic:  8/8        EV:  6    Int:  8 (9)  God:
Gold:   245        SH:  0    Dex: 16      Spells: 0 memorised, 6 levels left

rFire  . . .     SeeInvis .     e - +2 short sword (elec)
rCold  . . .     Gourm    .     h - +1 plate armour
rNeg   . . .     Faith    .     (no shield)
rPois  +         Spirit   .     l - +2 hat
rElec  .         Dismiss  .     (no cloak)
rCorr  +         Reflect  .     k - +0 pair of gloves
SustAt .         Harm     .     (boots unavailable)
MR     .....     Rnd*Rage +     (no amulet)
Stlth  ..........               r - ring of resist corrosion
                                g - ring of stealth

@: lethally poisoned (0 -> -4), not resistant to hostile enchantments, extremely
unstealthy
A: beak, talons 3, berserk 1, poison resistance, wild magic 1, able to fly 1
a: Fly


You were on level 5 of the Dungeon.
You were not hungry.

You visited 1 branch of the dungeon, and saw 5 of its levels.

You collected 245 gold pieces.

Inventory:

Hand Weapons
 a - a +2 long sword
 e - a +2 short sword of electrocution (weapon)
Missiles
 d - 2 throwing nets (quivered)
 i - 49 poisoned needles
Armour
 h - a +1 plate armour (worn)
 k - a +0 pair of gloves (worn)
 l - a +2 hat (worn)
Jewellery
 g - a ring of stealth (left hand)
 r - a ring of resist corrosion (right hand)
Wands
 m - a wand of digging (12/24)
Scrolls
 c - a scroll of identify {unknown}
 f - a scroll of amnesia {unknown}
Comestibles
 b - a beef jerky
 j - 4 bread rations


   Skills:
 + Level 4.2 Fighting
 + Level 1.8(3.9) Short Blades
 + Level 5.4(5.6) Long Blades
 + Level 2.4 Throwing
 + Level 5.3 Armour
 + Level 4.4 Dodging
 + Level 1.4 Stealth


You had 6 spell levels left.
You didn't know any spells.

Dungeon Overview and Level Annotations

Branches:
Dungeon (5/15)
 Temple: D:4-7

Altars:
Elyvilon
Pakellas
Xom
Yredelemnul


Innate Abilities, Weirdness & Mutations

You have a beak for a mouth.
You have claws for feet.
You can fly.
You tend to lose your temper in combat.
Your system is resistant to poisons.
Your spells are a little harder to cast, but a little more powerful.


Message History

The orc wizard casts a spell.
The orc wizard flickers and vanishes!
Deactivating autopickup; reactivate with Ctrl-A.
Drink which item? (? for menu, Esc to quit)
It was a potion of mutation.
You feel extremely strange.
You feel less in control of your magic.
You feel resistant to poisons.
You feel a little pissed off.
* * * LOW HITPOINT WARNING * * *
You feel sick. Something hits you but does no damage.
You aren't carrying any potions.
You closely miss something. You hit something.
There is a sudden explosion of sparks!
Reactivating autopickup.
You feel a bit more experienced.
* * * LOW HITPOINT WARNING * * *
You feel sick.
Things that are here:
a dagger of venom; a robe; a scroll labeled QUODAE MATZOUROFOSH You aren't carrying any potions.
You die...

#. .. .. #. ###'##
.########
##.(..#####......##
+.............>....
#..................
#..................
#..................
#.@................ #
##).####.##'####.##
###.#####..####.##.####.##
........)..(..(.#....#....
................'....#....
................#....#....
............†...#....#....
..>.............#....#....
..?.............#....#[...


There were no monsters in sight!

Vanquished Creatures
  2 ice beasts (D:5)
  An ogre (D:4)
  A centaur (D:5)
  2 hounds
  3 orc priests (D:3)
  3 orc wizards
  A centaur skeleton (D:3)
  An iguana (D:4)
  Terence (D:2)
  A worker ant zombie (D:5)
  3 adders
  2 oozes
  2 worms
  5 dart slugs
  3 giant geckos
  14 orcs
  10 giant cockroaches
  7 goblins
  7 hobgoblins
  5 jackals
  A ball python (D:3)
  14 bats
  4 giant newts
  2 kobolds
  A quokka skeleton (D:5)
  11 rats
107 creatures vanquished.

Notes
Turn   | Place    | Note
--------------------------------------------------------------
     0 | D:1      | kobby the Tengu Gladiator began the quest for the Orb.
     0 | D:1      | Reached XP level 1. HP: 12/12 MP: 2/2
     2 | D:1      | Noticed a draconian
     4 | D:1      | Noticed an ogre
     4 | D:1      | Noticed a halfling
     6 | D:1      | Noticed a tengu
     8 | D:1      | Noticed a spriggan
     8 | D:1      | Noticed a minotaur
    10 | D:1      | Noticed an elf
    10 | D:1      | Noticed a merfolk
    12 | D:1      | Noticed a demigod
    12 | D:1      | Noticed a dwarf
    14 | D:1      | Noticed an octopode
    14 | D:1      | Noticed a felid
    16 | D:1      | Noticed a centaur
    16 | D:1      | Noticed a troll
    18 | D:1      | Noticed a vampire
    20 | D:1      | Noticed a naga
    20 | D:1      | Noticed a formicid
    22 | D:1      | Noticed a ghoul
    24 | D:1      | Noticed a demonspawn
    24 | D:1      | Noticed a vine stalker
    26 | D:1      | Noticed a human
    26 | D:1      | Noticed a gargoyle
   441 | D:1      | Reached XP level 2. HP: 13/17 MP: 3/3
   762 | D:1      | Reached XP level 3. HP: 21/21 MP: 4/4
   955 | D:2      | Noticed Terence
   966 | D:2      | Killed Terence
  1206 | D:2      | Reached XP level 4. HP: 22/27 MP: 5/5
  1380 | D:2      | Found a faded altar to an unknown god.
  1843 | D:2      | Found an oddly glowing altar of Pakellas.
  1843 | D:2      | Found a white marble altar of Elyvilon.
  1863 | D:2      | Reached skill level 1 in Armour
  2155 | D:3      | Found a shimmering altar of Xom.
  2189 | D:3      | Gained mutation: You can fly. [Tengu growth]
  2189 | D:3      | Reached XP level 5. HP: 10/31 MP: 6/6
  2711 | D:3      | Reached XP level 6. HP: 21/37 MP: 7/7
  2723 | D:3      | Reached skill level 1 in Stealth
  3180 | D:4      | Reached skill level 5 in Long Blades
  3461 | D:4      | Reached XP level 7. HP: 39/42 MP: 8/8
  3973 | D:5      | Entered Level 5 of the Dungeon
  3973 | D:5      | Found a basalt altar of Yredelemnul.
  4174 | D:5      | Reached skill level 1 in Short Blades
  4184 | D:5      | Reached skill level 5 in Armour
  4223 | D:5      | Gained mutation: Your spells are a little harder to cast, but a little more powerful. [potion of mutation]
  4223 | D:5      | Gained mutation: Your system is resistant to poisons. [potion of mutation]
  4223 | D:5      | Gained mutation: You tend to lose your temper in combat. [potion of mutation]
  4223 | D:5      | HP: 2/43 [poisoned by an orc wizard]
  4227 | D:5      | Succumbed to an orc wizard's poison

Skill      XL: |  1  2  3  4  5  6  7 |
---------------+----------------------+-----
Long Blades    | 4 5 |  5.4
Armour         | 1 3 4 5 |  5.3
Dodging        | 4 |  4.4
Fighting       | 3 4 |  4.2
Stealth        | 1 |  1.4
Short Blades   | 1 |  1.8
Throwing       | |  2.4

Action                   |  1- 3 |  4- 6 |  7- 9 || total
-------------------------+-------+-------+-------++-------
Melee: Long sword        |    67 |   143 |       ||   210
       Kick              |    14 |    45 |    15 ||    74
       Peck              |     8 |    28 |     8 ||    44
       Short sword       |       |    20 |    54 ||    74
Throw: Throwing net      |       |     1 |       ||     1
  Use: Scroll            |       |     6 |       ||     6
       Potion            |       |     3 |     1 ||     4
 Stab: Distracted        |       |     1 |       ||     1
       Held in net/web   |       |     1 |       ||     1
  Eat: Bread ration      |     1 |       |       ||     1
       Meat ration       |       |     1 |       ||     1
       Pizza             |       |       |     1 ||     1
       Beef jerky        |       |       |     1 ||     1
Armor: Plate armour      |    59 |   169 |    35 ||   263
       Leather armour    |     2 |       |       ||     2
Dodge: Dodged            |    23 |    48 |     8 ||    79
